 Dungeon Crawl Stone Soup version bcrawl-1.19.1 (webtiles) character file.

Game seed: 950468852053995144

88 Freyura the Shield-Bearer (level 4, 0/28 HPs)
             Began as a Skeleton Fighter on Nov 26, 2019.
             Slain by a hobgoblin (1 damage)
             ... led by Robin
             ... on level 3 of the Dungeon.
             The game lasted 00:05:13 (1920 turns).

Freyura the Shield-Bearer (Skeleton Fighter)        Turns: 1920, Time: 00:05:14

Health: 0/28       AC:  7    Str: 21 (22) XL:     4   Next: 30%
Magic:  0/4        EV:  8    Int:  7      God:
Gold:   179        SH:  9    Dex:  9      Spells: 3/3 levels left

rFire    . . .     SeeInvis .   a - +0 flail
rCold    + . .     Gourm    .   c - +0 shield
rNeg     + + +     Faith    +   b - +0 scale mail
rPois    ∞         Spirit   +   (no helmet)
rElec    .         Reflect  .   (no cloak)
rCorr    .         Harm     .   (no gloves)
MR       .....                  (no boots)
Stlth    ..........             k - amulet of faith
HPRegen  0.09/turn              (no ring)
MPRegen  0.09/turn              (no ring)

@: very slightly contaminated
A: no food or potions, cold resistance 1, deterioration 1, negative energy
resistance 3, torment resistance, unbreathing, magic shield, sturdy frame 1,
spell healing
a: no special abilities


You were on level 3 of the Dungeon.
You were not hungry.

You visited 1 branch of the dungeon, and saw 3 of its levels.

You collected 179 gold pieces.

Inventory:

Hand Weapons
 a - a +0 flail (weapon)
Armour
 b - a +0 scale mail (worn)
 c - a +0 shield (worn)
 i - a +0 chain mail
Jewellery
 k - an amulet of faith (around neck)
 m - an uncursed amulet of regeneration
Scrolls
 d - a scroll of blinking
 f - a scroll of remove curse
 g - a scroll of magic mapping {unknown}
 h - 2 scrolls of teleportation
 j - a scroll of noise {unknown}
 l - a scroll of enchant weapon {unknown}


   Skills:
 + Level 3.4 Fighting
 * Level 3.7 Maces & Flails
 + Level 3.7 Armour
 + Level 1.4 Dodging
 + Level 4.2 Shields


You had 3 spell levels left.
You didn't know any spells.
Your spell library was empty.

Dungeon Overview and Level Annotations

Branches:
Dungeon (3/12)

Altars:
Vehumet

Annotations:
D:3 Robin


Innate Abilities, Weirdness & Mutations

You do not eat or drink.
You are immune to poison.
Your flesh is cold resistant. (rC+)
Your body sometimes deteriorates upon taking damage.
You are immune to negative energy. (rN+++)
You are immune to unholy pain and torment.
You can survive without breathing.
When hurt, damage is shared between your health and your magic reserves.
Your movements are slightly less encumbered by armour. (ER -2)
Casting spells heals you.


Message History

You block the giant cockroach's attack. Robin throws the goblin at you!
The goblin barely misses you.
The giant cockroach bites you but does no damage.
Robin throws the goblin at you!
You hit the hobgoblin.
The hobgoblin is almost dead.
The hobgoblin no longer looks unusually strong.
The hobgoblin barely misses you. You block the goblin's attack.
The giant cockroach bites you. The goblin hits you but does no damage.
Robin roars a battlecry!
The goblins go into a battle-frenzy!
You block the hobgoblin's attack. The goblin hits you with a +0 dagger.
* * * LOW HITPOINT WARNING * * *
The giant cockroach barely misses you.
You completely miss the hobgoblin.
The hobgoblin is almost dead.
The goblin hits you but does no damage.
The giant cockroach bites you but does no damage.
The hobgoblin hits you.
You die...

#.......######.#..#..#†##
##....>#....#.#.#...#.#.#
##.........#############
######...## ##.## ##.##
#.†.# . #.)g#####....
#..g@gg.gg.#
#..s#####g... ........ #
.......... #..........
#####...#### #.... #...#


You could see Robin, a giant cockroach, 2 hobgoblins and 4 goblins.

Vanquished Creatures
  Ijyb (D:3)
  An ooze (D:1)
  A worm (D:3)
  A dart slug (D:1)
  2 leopard geckos
  2 orcs (D:3)
  8 bats
  7 giant cockroaches
  2 hobgoblins (D:2)
  A quokka (D:3)
  2 frilled lizards
  7 goblins
  8 kobolds
  3 rats (D:1)
46 creatures vanquished.

Notes
Turn   | Place    | Note
-------+----------+-------------------------------------------
     0 | D:1      | Freyura the Skeleton Fighter began the quest for the Orb.
     0 | D:1      | Reached XP level 1. HP: 14/14 MP: 1/1
   337 | D:1      | Reached XP level 2. HP: 19/19 MP: 2/2
   643 | D:1      | Reached skill level 1 in Dodging
  1067 | D:2      | Reached XP level 3. HP: 23/23 MP: 3/3
  1115 | D:2      | Found a radiant altar of Vehumet.
  1543 | D:2      | Reached skill level 4 in Shields
  1881 | D:3      | Noticed Robin
  1883 | D:3      | Noticed Ijyb
  1905 | D:3      | Killed Ijyb
  1905 | D:3      | Reached XP level 4. HP: 12/28 MP: 2/4
  1919 | D:3      | HP: 1/28 [goblin/+0 dagger[Robin] (3)]
  1920 | D:3      | Slain by a hobgoblin

Skill      XL: |  1  2  3 |
---------------+----------+-----
Maces & Flails | 3 |  3.7
Dodging        | 1 |  1.4
Shields        | 4 |  4.2
Fighting       | |  3.4
Armour         | |  3.7

Action                   |  1- 3 |  4- 6 || total
-------------------------+-------+-------++-------
Melee: Flail             |   165 |    14 ||   179
  Use: Scroll            |     5 |       ||     5
 Stab: Invisible         |     4 |       ||     4
Armor: Scale mail        |    73 |     8 ||    81
Dodge: Dodged            |    65 |     8 ||    73
Block: Shield            |   109 |    14 ||   123
